 Dungeon Crawl Stone Soup version 0.30-a0-618-gd6c86c23d0 (webtiles) character file.

Game seed: 3432247577846121746

93 Leeroy the Slasher (level 4, -8/26 HPs)
             Began as a Tengu Reaver on Jan 9, 2023.
             Killed from afar by a white imp (12 damage)
             ... with a puff of frost
             ... on level 3 of the Dungeon.
             The game lasted 00:04:23 (1762 turns).

Leeroy the Slasher (Tengu Reaver)                   Turns: 1762, Time: 00:04:24

Health: -8/26      AC:  3    Str: 12    XL:     4   Next: 62%
Magic:  8/8        EV: 12    Int: 13    God:
Gold:   163        SH:  0    Dex: 15    Spells: 6/7 levels left

rFire   . . .      SeeInvis .    a - +0 falchion
rCold   . . .      Faith    .    (no shield)
rNeg    . . .      Spirit   .    b - +0 leather armour
rPois   .          Reflect  .    (helmet restricted)
rElec   .          Harm     .    (no cloak)
rCorr   .          Rampage  .    (no gloves)
Will    .....                    (boots unavailable)
Stlth   +                        (no amulet)
HPRegen 0.24/turn                (no ring)
MPRegen 0.11/turn                (no ring)

@: no status effects
A: beak, talons 3
a: no special abilities


You were on level 3 of the Dungeon.
You visited 1 branch of the dungeon, and saw 3 of its levels.

You collected 163 gold pieces.

Inventory:

Hand Weapons
 a - a +0 falchion (weapon)
 o - the +9 quarterstaff of the Original Sin {heavy, rElec}
   (You found it on level 2 of the Dungeon)

   rElec:     It insulates you from electricity.
 q - the +1 mace of Superiority {flame, rElec rC+ rN+ Int-3}
   (You found it on level 3 of the Dungeon)

   Int:       It affects your intelligence (-3).
   rC:        It protects you from cold.
   rElec:     It insulates you from electricity.
   rN:        It protects you from negative energy.
 s - a +1 battleaxe of freezing
Missiles
 t - 5 curare-tipped darts
Armour
 b - a +0 leather armour (worn)
Magical Staves
 i - a staff of fire
Jewellery
 e - a ring of flight
 l - a ring of wizardry
Wands
 m - a wand of acid (7)
Scrolls
 d - 4 scrolls of identify {unknown}
 h - a scroll of torment {unknown}
 j - 3 scrolls of noise {unknown}
 n - a scroll of vulnerability {unknown}
 p - a scroll of poison {unknown}
 r - a scroll of teleportation {unknown}
Potions
 c - 3 potions of heal wounds {unknown}
 f - a potion of haste {unknown}
 g - 2 potions of might {unknown}
 k - a potion of invisibility {unknown}


   Skills:
 - Level 2.0 Fighting
 - Level 5.1 Long Blades
 + Level 3.3 Dodging
 - Level 2.0 Spellcasting
 - Level 4.0 Conjurations


You had 6 spell levels left.
You knew the following spells:

 Your Spells              Type           Power      Damage    Failure   Level
a - Kiss of Death         Conj/Necr      24%        2d7       14%         1

Your spell library contained the following spells:

 Spells                   Type           Power      Damage    Failure   Level
 Shock                    Conj/Air       24%        1d4       14%         1
 Momentum Strike          Conj/Tloc      12%        3d8       22%         2
 Slow                     Hex            4%         N/A       32%         1
 Hailstorm                Conj/Ice       6%         3d4       38%         3
 Confusing Touch          Hex            1%         N/A       67%         3
 Swiftness                Air            1%         N/A       67%         3
 Vampiric Draining        Necr           1%         2d6       67%         3
 Airstrike                Air            0%         2d(1-17)  97%         4


Dungeon Overview and Level Annotations

Branches:
Dungeon (3/15)

Altars:

Annotations:
D:3 3 runed translucent doors, Stil's ghost, amateur DsFi


Innate Abilities, Weirdness & Mutations

You have a beak for a mouth.
You have claws for feet.


Message History

The bat hits you. x2
The bat misses you.
You closely miss the bat. You claw the bat.
You kill the bat!
You see here a bat corpse.
Found 5 curare-tipped darts.
You see here 5 curare-tipped darts.
t - 5 curare-tipped darts Really walk into that dispersal trap?
You enter a dispersal trap!
You blink.
Really walk into that dispersal trap? [Y]es or [N]o only, please.
Really walk into that dispersal trap?
You enter a dispersal trap!
You blink.
A dart slug comes into view.
Found 9 gold pieces.
A giant cockroach comes into view.
The dart slug launches a dart at you. The slug dart hits you.
A white imp comes into view.
The white imp shouts, "Scamper away, thou errant toot-wallowing slabber!"
You hear the brisk rusting of a drain nearby.
The white imp gestures at you. The puff of frost hits you!
The dart slug misses you. The giant cockroach closely misses you.
You completely miss the dart slug. The giant cockroach closely misses you.
The dart slug launches a dart at you. The slug dart hits you.
Casting: Kiss of Death (safe; 14% risk of failure)
Confirm with . or Enter, or press ? or * to list all spells.
Okay, then.
You slash the dart slug! You peck the dart slug.
You kill the dart slug!
The white imp gestures at you. The puff of frost hits you!
* * * LOW HITPOINT WARNING * * *
The giant cockroach bites you but does no damage.
The white imp gestures at you. The puff of frost hits you!
You die...

#### ## .. ##..
#..# ######
#... ......
#..##.....#
#....#5...#.#
#B@.$# #..#
#....# #...# ..
#.
#...###....##..
#.
#..#..#........
#.
#.#....#.....#
#.
#.#.....##...#
#.
#............#
#.
##.###.......#
#.#####.#
#.......##


You could see a white imp and a giant cockroach.

Vanquished Creatures
  3 adders
  A worm (D:3)
  4 dart slugs
  4 ball pythons
  8 endoplasms
  3 giant cockroaches
  5 goblins
  3 hobgoblins
  2 jackals (D:2)
  4 kobolds
  3 quokkas
  7 bats
  4 frilled lizards
  4 rats (D:1)
55 creatures vanquished.

Vanquished Creatures (others)
  3 fungi (D:3)
  A plant (D:3)
4 creatures vanquished.

Grand Total: 59 creatures vanquished

Notes
Turn   | Place    | Note
-------+----------+-------------------------------------------
     0 | D:1      | Leeroy the Tengu Reaver began the quest for the Orb.
     0 | D:1      | Reached XP level 1. HP: 12/12 MP: 4/4
    71 | D:1      | Reached XP level 2. HP: 17/17 MP: 6/6
    83 | D:1      | Reached skill level 4 in Long Blades
   568 | D:1      | Reached XP level 3. HP: 12/21 MP: 7/7
   903 | D:2      | Reached skill level 5 in Long Blades
  1152 | D:2      | Identified the +9 quarterstaff of the Original Sin {heavy,
                  | rElec}
  1364 | D:3      | Reached XP level 4. HP: 24/26 MP: 8/8
  1419 | D:3      | Found a runed translucent gate.
  1421 | D:3      | Found a runed translucent gate.
  1422 | D:3      | Found a runed translucent gate.
  1423 | D:3      | Noticed Stil's ghost (amateur DsFi)
  1427 | D:3      | Noticed a kobold brigand
  1481 | D:3      | Identified the +1 mace of Superiority {flame, rElec rC+ rN+
                  | Int-3}
  1762 | D:3      | Killed from afar by a white imp

Illustrated notes

Levels and vault maps discovered:
D:1:      wander_arrival_desolate, layout_basic, chequers_serial_rivers_micro_c,
          minmay_hexomino_c4
D:2:      layout_rooms
D:3:      layout_loops_ring, portal_sewer_entry_b,
          gammafunk_ghost_nasty_kobolds, minmay_misc_feat_chi, minivault_19

Skill      XL: |  1  2  3  4 |
---------------+-------------+-----
Long Blades    | 4 5 |  5.1
Dodging        | 3 |  3.3
Fighting       | |  2.0
Spellcasting   | |  2.0
Conjurations   | |  4.0

Action                   |  1- 3 |  4- 6 || total
-------------------------+-------+-------++-------
Melee: Falchion          |    95 |    22 ||   117
       Kick              |    20 |     9 ||    29
       Peck              |     9 |     7 ||    16
       Quarterstaff      |     4 |     4 ||     8
       Mace              |       |     7 ||     7
Armor: Leather armour    |    27 |     7 ||    34
Dodge: Dodged            |    71 |    23 ||    94

Table legend: (Time is in decaauts)
 A = Elapsed time spent in this place.
 B = Non-inter-level travel time spent in this place.
 C = Inter-level travel time spent in this place.
 D = Time resting spent in this place.
 E = Time spent auto-exploring this place.
 F = Levels seen in this place.
 G = Mean time per level.
                   A        B        C        D        E       F      G
               +--------+--------+--------+--------+--------+-----+--------+
         Total |   1777 |   1709 |     68 |      0 |   1262 |   3 |  592.3 |
       Dungeon |   1777 |   1709 |     68 |      0 |   1262 |   3 |  592.3 |
               +--------+--------+--------+--------+--------+-----+--------+

Top non-repeatable levels by time:
     D:1: 795 daAuts
     D:2: 574 daAuts
     D:3: 408 daAuts
